 Dungeon Crawl Stone Soup version 0.28.0-53-g5a82cb258f (webtiles) character file.

Game seed: 8638729897075903472

22759 DocClef the Warrior (level 13, -18/115 HPs)
             Began as a Merfolk Gladiator on June 29, 2022.
             Was a High Priest of Okawaru.
             Demolished by a boulder beetle (45 damage)
             ... on level 2 of the Lair of Beasts.
             The game lasted 00:16:37 (10221 turns).

DocClef the Warrior (Merfolk Gladiator)            Turns: 10221, Time: 00:16:38

Health: -18/115    AC: 24    Str: 19    XL:     13   Next: 2%
Magic:  11/13      EV: 16    Int:  8    God:    Okawaru [*****.]
Gold:   700        SH:  0    Dex: 15    Spells: 12/12 levels left

rFire   + + .      SeeInvis .   X - +3 Elemental Staff {rElec rF++ rC++ AC+5}
rCold   + + +      Faith    .   (no shield)
rNeg    . . .      Spirit   .   J - +0 acid dragon scales
rPois   .          Reflect  .   v - +1 helmet
rElec   +          Harm     .   o - +0 cloak
rCorr   +          Rampage  .   (no gloves)
Will    .....                   W - +0 pair of boots {Stlth+}
Stlth   ++++......              q - amulet of regeneration
HPRegen 1.09/turn               c - ring of protection from cold
MPRegen 0.13/turn               U - +4 ring of protection

@: heroic, studying Stealth
A: (nimble swimmer 2), mertail
a: Renounce Religion, Heroism, Finesse, Duel


You were on level 2 of the Lair of Beasts.
You worshipped Okawaru.
Okawaru was extremely pleased with you.
You visited 3 branches of the dungeon, and saw 14 of its levels.
You also visited: Ice Cave.

You collected 700 gold pieces.

Inventory:

Hand Weapons
 y - the +7 spear of Victory {speed, Str+3}
   (You found it on level 5 of the Dungeon)

   Attacks with this weapon are significantly faster.
   Str:       It affects your strength (+3).
 F - the +5 spear of Fetuilets {spect, Will- MP+9 Str+2 Dex+9}
   (You found it on level 6 of the Dungeon)

   When its wielder attacks, the weapon's spirit leaps out and strikes again.
   The spirit shares a part of any damage it takes with its wielder.
   Str:       It affects your strength (+2).
   Dex:       It affects your dexterity (+9).
   MP:        It affects your magic capacity (+9).
   Will:      It decreases your willpower.
 X - the +3 Elemental Staff (weapon) {rElec rF++ rC++ AC+5}
   (You took it off a deep elf pyromancer on level 11 of the Dungeon)

   If the wielder is skilled in Evocations, they can discharge powerful blasts
   of elemental energy when striking with it.
   It enhances your fire, ice, earth and air magic.
   AC:        It affects your AC (+5).
   rF:        It greatly protects you from fire.
   rC:        It greatly protects you from cold.
   rElec:     It insulates you from electricity.
 Z - the +9 quarterstaff "Xuwk" {flame, Will+ Int+5}
   (You found it on level 11 of the Dungeon)

   It burns those it strikes, dealing additional fire damage.
   Int:       It affects your intelligence (+5).
   Will:      It increases your willpower.
Missiles
 d - a throwing net (quivered)
 f - 38 poisoned darts
 V - 10 javelins
 Y - 9 silver javelins
Armour
 h - a +0 chain mail
 o - a +0 cloak (worn)
 v - a +1 helmet (worn)
 J - +0 acid dragon scales (worn)
 M - a +2 leather armour of cold resistance
 R - a +3 leather armour of fire resistance
 W - a +0 pair of boots of stealth (worn)
Jewellery
 c - a ring of protection from cold (left hand)
 i - a ring of fire
 q - an amulet of regeneration (around neck)
 s - a ring of magical power
 D - an amulet of faith
 P - a ring of protection from fire
 U - a +4 ring of protection (right hand)
Wands
 C - a wand of polymorph (10)
 I - a wand of acid (6)
 L - a wand of flame (17)
Scrolls
 b - a scroll of fear
 e - 2 scrolls of holy word {unknown}
 k - 2 scrolls of silence {unknown}
 l - 3 scrolls of teleportation {unknown}
 m - 7 scrolls of identify {unknown}
 w - 3 scrolls of noise {unknown}
 x - a scroll of enchant weapon {unknown}
 z - 3 scrolls of fog {unknown}
 B - 3 scrolls of vulnerability {unknown}
 E - 4 scrolls of immolation {unknown}
 G - 2 scrolls of torment {unknown}
 K - a scroll of magic mapping {unknown}
 N - 7 scrolls of blinking
 S - a scroll of enchant armour {unknown}
Potions
 a - a potion of curing {unknown}
 g - a potion of magic {unknown}
 j - 3 potions of flight {unknown}
 n - a potion of attraction {unknown}
 p - a potion of cancellation {unknown}
 r - 6 potions of heal wounds {unknown}
 t - a potion of brilliance {unknown}
 u - 4 potions of resistance {unknown}
 A - 2 potions of degeneration {unknown}
 H - 3 potions of haste {unknown}
 O - a potion of invisibility {unknown}
 Q - 2 potions of mutation {unknown}


   Skills:
 - Level 15.0(20.0) Fighting
 - Level 12.0(18.7) Polearms
 + Level 6.5(13.0) Staves
 - Level 2.0(7.0) Throwing
 - Level 7.4(12.4) Armour
 - Level 4.0(9.0) Dodging
 + Level 7.5 Evocations


You had 12 spell levels left.
You didn't know any spells.
Your spell library contained the following spells:

 Spells                   Type           Power      Damage    Failure   Level
 Sandblast                Erth           0%         2d4       47%         1
 Ensorcelled Hibernation  Hex/Ice        0%         N/A       63%         2
 Passwall                 Tmut/Erth      0%         N/A       63%         2
 Sublimation of Blood     Necr           0%         N/A       63%         2
 Stone Arrow              Conj/Erth      0%         3d7       85%         3
 Swiftness                Air            0%         N/A       85%         3
 Anguish                  Hex/Necr       0%         N/A       99%         4
 Petrify                  Tmut/Erth      0%         N/A       99%         4
 Irradiate                Conj/Tmut      0%         3d13      100%        5
 Enfeeble                 Hex            0%         N/A       100%        7
 Lehudib's Crystal Spear  Conj/Erth      0%         10d2      100%        8
 Tukima's Dance           Hex            Unusable   N/A       N/A         3
 Animate Armour           Summ/Erth      Unusable   N/A       N/A         4

Dungeon Overview and Level Annotations

Branches:
Dungeon (11/15)            Temple (0/1) D:4            Lair (2/6) D:8
    Orc (1/2) D:11          IceCv (visited)
  Swamp: Lair:2-4    Shoals: Lair:2-4     Snake: Lair:2-4    Spider: Lair:2-4

Altars:
Ashenzari
Dithmenos
Fedhas
Gozag
Hepliaklqana
Kikubaaqudgha
Makhleb
Okawaru
Qazlal
Vehumet
Wu Jian
Zin

Portals:
Abyss: D:5

Annotations:
D:5 2 transporters, azo's ghost, novice DsCK


Innate Abilities, Weirdness & Mutations

((You are very nimble when in or above water. (Stealth+, EV+, Speed+++)))
Your lower body shifts to a powerful aquatic tail in water.


Message History

Your +0 pair of boots of stealth melds into your body.
You feel less stealthy.
You hit the boulder beetle but do no damage.
The boulder beetle hits you!!
The boulder beetle stops rolling and uncurls.
You hit the boulder beetle.
You tail-slap the boulder beetle, but do no damage.
The boulder beetle is lightly wounded.
The boulder beetle closely misses you.
You hit the boulder beetle but do no damage.
You hit the boulder beetle but do no damage.
The boulder beetle bites you!!
You are too injured to fight recklessly!
You are too injured to fight recklessly!
You are too injured to fight recklessly!
You are too injured to fight recklessly!
You are too injured to fight recklessly!
You hit the boulder beetle.
The boulder beetle is lightly wounded.
The boulder beetle completely misses you.
A tyrant leech comes into view.
You hit the boulder beetle but do no damage.
You burn the boulder beetle!
You punch the boulder beetle, but do no damage.
The boulder beetle is moderately wounded.
The boulder beetle bites you!
You hit the boulder beetle but do no damage.
The boulder beetle is moderately wounded.
The boulder beetle completely misses you.
You hit the boulder beetle. You freeze the boulder beetle!!
The boulder beetle is heavily wounded.
You gain the combat prowess of a mighty hero.
The boulder beetle bites you!!
* * * LOW HITPOINT WARNING * * *
The tyrant leech barely misses you.
The boulder beetle curls into a ball and begins rolling!
Your +0 pair of boots of stealth unmelds from your body.
You feel stealthy. The boulder beetle hits you!!!
You die...

###(.##..#..##.#
...?....#.......
................
............#..#
.. ##......(..
#..#.<..♣####
#......♣♣♣
#.#..#.♣.♣♣♣♣
........@w≈♣.♣♣
..........B≈≈..♣♣
.........♣≈°≈.§§♣
P........♣≈≈°°§§♣
PP.......♣≈≈≈≈♣§♣
.......♣≈≈≈≈♣ §.
.......♣≈≈≈≈♣ ..
.......♣≈≈≈♣♣
.......♣♣♣♣♣


You could see a boulder beetle (rolling) and a tyrant leech.

Vanquished Creatures
  A boulder beetle (D:11)
  A catoblepas (Lair:1)
  A hydra (Lair:1)
  4 two-headed ogres
  2 deep elf pyromancers
  An orc knight (D:11)
  A manticore (D:11)
  2 ugly things (IceCv)
  A cyclops (D:7)
  2 centaur zombies
  Joseph (D:7)
  Maggie (D:7)
  2 ice statues (IceCv)
  2 gargoyles (D:11)
  3 kobold demonologists (D:10)
  3 rime drakes
  A komodo dragon (Lair:1)
  2 ice devils (D:11)
  A hornet (D:8)
  2 trolls
  5 blink frogs (Lair:1)
  A shadow (D:11)
  22 yaks
  Sigmund (D:5)
  A wraith (D:7)
  3 basilisks
  3 steam dragons
  Menkaure (D:4)
  2 swamp worms (Lair:2)
  The ghost of nekomimirex the Skirmisher, an amateur GrFi (D:4)
  A harpy simulacrum (IceCv)
  3 water moccasins (Lair:1)
  Duvessa (D:4)
  2 ice beasts
  A black bear (D:6)
  A sky beast (D:5)
  7 orc warriors
  A necrophage (D:6)
  5 ogres
  5 centaurs
  A phantom (D:6)
  4 kobold brigands
  2 gnoll sergeants
  5 bullfrogs
  A cane toad simulacrum (IceCv)
  Dowan (D:4)
  3 wights (D:9)
  2 howler monkeys
  3 jellies
  A bullfrog zombie (D:6)
  An orc priest (Orc:1)
  2 hounds (D:6)
  2 bullfrog skeletons (D:6)
  4 iguanas
  8 orc wizards
  A polar bear simulacrum (IceCv)
  A hound zombie (D:5)
  A hound skeleton (D:4)
  Robin (D:4)
  15 gnolls
  8 adders
  5 white imps
  A worm (D:2)
  2 dart slugs (D:1)
  39 orcs
  11 endoplasms
  2 giant cockroaches (D:3)
  7 hobgoblins
  6 jackals (D:3)
  6 quokkas
  10 ball pythons
  A bat (D:1)
  4 frilled lizards
  13 goblins
  24 kobolds
  5 rats
304 creatures vanquished.

Vanquished Creatures (others)
  A fungus (Lair:1)
  21 plants (D:5)
22 creatures vanquished.

Grand Total: 326 creatures vanquished

Notes
Turn   | Place    | Note
-------+----------+-------------------------------------------
     0 | D:1      | DocClef the Merfolk Gladiator began the quest for the Orb.
     0 | D:1      | Reached XP level 1. HP: 16/16 MP: 1/1
   258 | D:1      | Reached skill level 5 in Polearms
   268 | D:1      | Reached XP level 2. HP: 18/22 MP: 2/2
   364 | D:1      | Found a faded altar of an unknown god.
   654 | D:2      | Reached XP level 3. HP: 21/27 MP: 3/3
  1045 | D:2      | Reached XP level 4. HP: 33/33 MP: 4/4
  1611 | D:3      | Reached XP level 5. HP: 36/38 MP: 5/5
  1636 | D:3      | Found a broken altar of Ashenzari.
  2044 | D:4      | Found a runed translucent door.
  2128 | D:4      | Noticed Menkaure
  2135 | D:4      | Killed Menkaure
  2136 | D:4      | Reached skill level 10 in Polearms
  2136 | D:4      | Reached XP level 6. HP: 36/44 MP: 6/6
  2174 | D:4      | Found a runed translucent door.
  2201 | D:4      | Noticed Robin
  2243 | D:4      | Killed Robin
  2381 | D:4      | Noticed Dowan
  2383 | D:4      | Noticed Duvessa
  2393 | D:5      | Entered Level 5 of the Dungeon
  2498 | D:5      | Reached XP level 7. HP: 50/50 MP: 7/7
  2513 | D:5      | Identified the +7 spear of Victory {speed, Str+3}
  2637 | D:5      | Noticed Sigmund
  2640 | D:5      | Killed Sigmund
  2669 | D:5      | Found a transporter.
  2690 | D:5      | Found a one-way gate to the infinite horrors of the Abyss.
  2690 | D:5      | Noticed azo's ghost (novice DsCK)
  2742 | D:5      | Found a blossoming altar of Fedhas.
  2767 | D:5      | Found a transporter.
  2823 | D:5      | Reached skill level 3 in Fighting
  2851 | D:5      | Reached skill level 4 in Fighting
  2862 | D:5      | Reached XP level 8. HP: 28/61 MP: 8/8
  2923 | D:5      | Reached skill level 5 in Fighting
  3331 | D:6      | Found an opulent altar of Gozag.
  3346 | D:6      | Reached skill level 6 in Fighting
  3445 | D:6      | Identified the +5 spear of Fetuilets {spect, Will- MP+9
                  | Str+2 Dex+9}
  3521 | D:6      | Reached skill level 7 in Fighting
  3594 | D:6      | Reached skill level 8 in Fighting
  3718 | D:6      | Found a burning altar of Makhleb.
  3808 | D:6      | Reached XP level 9. HP: 74/75 MP: 9/9
  3944 | D:6      | Reached skill level 9 in Fighting
  4075 | D:7      | Noticed Maggie
  4089 | D:7      | Killed Maggie
  4090 | D:7      | Reached skill level 10 in Fighting
  4142 | D:7      | Found an ancient bone altar of Kikubaaqudgha.
  4162 | D:7      | Noticed Joseph
  4176 | D:7      | Killed Joseph
  4177 | D:7      | Reached skill level 11 in Fighting
  4578 | D:7      | Noticed a cyclops
  4588 | D:7      | Killed a cyclops
  4589 | D:7      | Reached skill level 12 in Fighting
  4829 | D:8      | Found an ornate altar of the Wu Jian Council.
  4854 | D:8      | Reached XP level 10. HP: 90/90 MP: 10/10
  4959 | D:8      | Found an iron altar of Okawaru.
  4982 | D:8      | Became a worshipper of Warmaster Okawaru
  5016 | D:8      | Reached skill level 13 in Fighting
  5325 | D:8      | Found a staircase to the Lair.
  5434 | D:4      | Killed Dowan
  5443 | D:4      | Killed Duvessa
  5551 | D:4      | Found a staircase to the Ecumenical Temple.
  5589 | D:4      | Noticed nekomimirex's ghost (amateur GrFi)
  5867 | D:4      | Killed nekomimirex's ghost
  5867 | D:4      | Reached * piety under Okawaru
  6029 | D:9      | Found a glowing silver altar of Zin.
  6133 | D:9      | Reached skill level 14 in Fighting
  6156 | D:9      | Reached ** piety under Okawaru
  6178 | D:9      | Noticed a two-headed ogre
  6184 | D:9      | Killed a two-headed ogre
  6185 | D:9      | Reached skill level 15 in Fighting
  6372 | D:9      | Reached skill level 1 in Armour
  6737 | D:9      | Found a stormy altar of Qazlal.
  6737 | D:9      | Found a radiant altar of Vehumet.
  6797 | D:9      | Found a hazy altar of Hepliaklqana.
  6864 | D:10     | Entered Level 10 of the Dungeon
  6870 | D:10     | Reached XP level 11. HP: 102/102 MP: 11/11
  6977 | D:10     | Noticed a two-headed ogre
  6986 | D:10     | Killed a two-headed ogre
  6986 | D:10     | Reached *** piety under Okawaru
  7055 | D:10     | Noticed a sixfirhy
  7105 | D:10     | Noticed a two-headed ogre
  7115 | D:10     | Killed a two-headed ogre
  7115 | D:10     | Reached **** piety under Okawaru
  7116 | D:10     | Reached skill level 5 in Armour
  7313 | D:10     | Noticed a deep elf pyromancer
  7324 | D:10     | Killed a deep elf pyromancer
  7501 | D:10     | Found a shadowy altar of Dithmenos.
  7627 | D:10     | Received a gift from Okawaru
  7637 | D:11     | Found a staircase to the Orcish Mines.
  7708 | D:11     | Noticed a boulder beetle
  7734 | D:11     | Killed a boulder beetle
  7775 | D:11     | Received a gift from Okawaru
  7812 | D:11     | Noticed a deep elf pyromancer
  7820 | D:11     | Killed a deep elf pyromancer
  7833 | D:11     | Reached skill level 1 in Evocations
  7905 | D:11     | Received a gift from Okawaru
  7905 | D:11     | Reached ***** piety under Okawaru
  7962 | D:11     | Identified the +9 quarterstaff "Xuwk" {flame, Will+ Int+5}
  8067 | D:11     | Reached XP level 12. HP: 107/109 MP: 12/12
  8170 | D:11     | Reached skill level 5 in Evocations
  8196 | D:11     | Noticed a two-headed ogre
  8207 | D:11     | Killed a two-headed ogre
  8207 | D:11     | Received a gift from Okawaru
  8471 | D:11     | Identified a scroll of acquirement
  8471 | D:11     | Acquired a manual of Stealth
  8577 | Orc:1    | Entered Level 1 of the Orcish Mines
  8676 | D:11     | Received a gift from Okawaru
  8856 | Lair:1   | Entered Level 1 of the Lair of Beasts
  8904 | Lair:1   | Found a frozen archway.
  8915 | Lair:1   | Reached skill level 1 in Staves
  8920 | IceCv    | Entered an ice cave
  8921 | IceCv    | Found a transporter.
  9134 | IceCv    | Found a transporter.
  9300 | Lair:1   | Noticed a catoblepas
  9324 | Lair:1   | Killed a catoblepas
  9461 | Lair:1   | Reached skill level 5 in Staves
  9515 | Lair:1   | Noticed a seven-headed hydra
  9523 | Lair:1   | Killed a seven-headed hydra
  9637 | Lair:1   | Received a gift from Okawaru
  9702 | Lair:1   | Reached XP level 13. HP: 114/115 MP: 13/13
 10221 | Lair:2   | Demolished by a boulder beetle

Illustrated notes

Levels and vault maps discovered:
D:1:      dpeg_arrival_simpleton_c, layout_rooms,
          shapermc_ecumenical_altar_pompeii, minmay_misc_feat_more_columns,
          grunt_decor_cap, minmay_fountain_box, minivault_14,
          serial_bayou_crossing
D:2:      layout_loops_corners, hangedman_decor_lopped
D:3:      layout_rooms, lemuel_tele_altar
D:4:      layout_basic, minmay_temple_entry_statues, ebering_ghost_sewer_f,
          uniq_duvessa, uniq_menkaure, uniq_robin
D:5:      kennysheep_kobold_camp, layout_basic, fedhas_altar_2,
          gammafunk_ghost_abyssal_escape, uniq_sigmund
D:6:      layout_loops_cross, makhleb_heckhound_becter, old_standard_altar,
          kennysheep_potato
D:7:      layout_loops_ring, kiku_gazebo_garden_becter,
          hangedman_decor_riveting, uniq_maggie, uniq_joseph
D:8:      layout_basic, kennysheep_little_box, nzn_wu_jian_contemplation,
          lair_entry_dummy
D:9:      layout_roguey, gammafunk_temple_overflow_wave, marbit_many_paths,
          mainiacjoe_overflow_boulevard, corner_web_ring
D:10:     layout_irregular_city, overflow_temple_1_default,
          kennysheep_windowed_goal
D:11:     layout_long_grid, david_orc_2, dilly_guarded_unrand_elemental_staff
Lair:1:   layout_loops_ring, portal_ice_cave_rime, grunt_megastairs_2
Lair:2:   layout_gridlike, palyth_hydra_swamp_entry, gammafunk_ghost_icy,
          special_room [special_room_bee], roderic_batcave
Orc:1:    layout_caves

Skill      XL: |  1  2  3  4  5  6  7  8  9 10 11 12 |
---------------+-------------------------------------+-----
Polearms       | 5 6 7 8 10 12 | 12.0
Fighting       | 4 8 12 15 | 15.0
Armour         | 2 7 |  7.4
Evocations     | 3 7 |  7.5
Staves         | 6 |  6.5
Throwing       | |  2.0
Dodging        | |  4.0

Action                   |  1- 3 |  4- 6 |  7- 9 | 10-12 | 13-15 || total
-------------------------+-------+-------+-------+-------+-------++-------
Melee: Trident           |    92 |   208 |     1 |       |       ||   301
       Punch             |     1 |     1 |       |    15 |     1 ||    18
       Spear             |       |       |   192 |   454 |       ||   646
       Staff             |       |       |       |   161 |    29 ||   190
       Tailslap          |       |       |       |       |     1 ||     1
Throw: Throwing net      |       |       |     1 |     1 |       ||     2
Invok: Heroism           |       |       |       |     7 |     1 ||     8
       Finesse           |       |       |       |     2 |       ||     2
  Use: Scroll            |       |       |       |     3 |       ||     3
 Stab: Held in net/web   |       |       |     1 |     2 |       ||     3
       Sleeping          |       |       |       |    13 |       ||    13
       Distracted        |       |       |       |    14 |       ||    14
Armor: Leather armour    |     5 |       |       |       |       ||     5
       Chain mail        |    37 |   104 |    31 |       |       ||   172
       Acid dragon scale |       |       |     1 |   138 |     4 ||   143
Dodge: Dodged            |    32 |    66 |    39 |   202 |    15 ||   354
